 Dungeon Crawl Stone Soup version 0.27.1-33-g824d729ab1 (webtiles) character file.

Game seed: 1714993569791582414

27791 TheLostOne the Basher (level 13, -3/99 HPs)
             Began as a Demonspawn Berserker on Dec 13, 2021.
             Was an Elder of Trog.
             Slain by a six-headed hydra (8 damage)
             ... on level 4 of the Lair of Beasts on Dec 14, 2021.
             The game lasted 01:10:08 (22913 turns).

TheLostOne the Basher (Demonspawn Berserker)       Turns: 22913, Time: 01:10:09

Health: -3/99      AC: 21    Str: 21    XL:     13   Next: 6%
Magic:  13/13      EV: 22    Int: 10    God:    Trog [****..]
Gold:   1028       SH:  0    Dex: 13    Spells: 12/12 levels left

rFire    . . .     SeeInvis .   a - +12 rapier of the Vaults {vorpal, Fragile +Blink Stlth+}
rCold    . . .     Faith    .   (no shield)
rNeg     . . .     Spirit   .   C - +1 plate armour
rPois    .         Reflect  .   (helmet unavailable)
rElec    .         Harm     .   (no cloak)
rCorr    .         Rampage  .   q - +0 pair of gloves
Will     +++..                  F - +0 pair of boots
Stlth    ..........             f - amulet of the acrobat
HPRegen  1.26/turn              g - ring of willpower
MPRegen  0.13/turn              w - +4 ring of slaying

@: about to teleport, strong-willed, acrobatic, regenerating
A: horns 3, powered by death 1, sharp scales 3
a: Renounce Religion, Evoke Blink, Berserk, Trog's Hand, Brothers in Arms


You were on level 4 of the Lair of Beasts.
You worshipped Trog.
Trog was greatly pleased with you.
You visited 3 branches of the dungeon, and saw 19 of its levels.

You collected 1028 gold pieces.

Inventory:

Hand Weapons
 a - the +12 rapier of the Vaults (weapon) {vorpal, Fragile +Blink Stlth+}
   (You found it on level 11 of the Dungeon)

   It inflicts extra damage upon your enemies.
   +Blink:    It lets you blink.
   Fragile:   It will be destroyed if unequipped.
   Stlth:     It makes you more stealthy.
 i - a +0 broad axe
 y - a +3 vorpal flail
 G - a +2 war axe of flaming
 L - a +3 scimitar of flaming
 N - the +8 hunting sling of Yxyh {vorpal, *Slow rC++ Will+ Str+3}
   (You found it on level 9 of the Dungeon)

   Any ammunition fired from it inflicts extra damage upon your enemies.
   Str:       It affects your strength (+3).
   rC:        It greatly protects you from cold.
   *Slow:     It may slow you when you take damage.
   Will:      It increases your willpower.
Missiles
 m - 4 throwing nets (quivered)
 K - 32 poisoned darts
Armour
 n - +0 acid dragon scales
 q - a +0 pair of gloves (worn)
 C - a +1 plate armour (worn)
 F - a +0 pair of boots (worn)
 P - a +0 scale mail of cold resistance
Jewellery
 e - a ring of positive energy
 f - an amulet of the acrobat (around neck)
 g - a ring of willpower (left hand)
 w - a +4 ring of slaying (right hand)
 x - a ring of flight
 D - an amulet of faith
 E - an amulet of reflection
 R - a +4 ring of slaying
Wands
 d - a wand of mindburst (7)
 A - a wand of polymorph (8)
 B - a wand of paralysis (17)
 H - a wand of acid (12)
 I - a wand of charming (27)
 J - a wand of iceblast (13)
 T - a wand of digging (7)
Scrolls
 b - 4 scrolls of teleportation
 c - 2 scrolls of fog
 k - 3 scrolls of enchant armour
 r - 2 scrolls of magic mapping
 v - a scroll of identify
 M - a scroll of acquirement {unknown}
 Q - a scroll of enchant weapon
Potions
 h - 9 potions of curing
 j - a potion of flight
 l - 2 potions of haste
 o - 4 potions of might
 p - 4 potions of cancellation
 s - a potion of berserk rage
 t - a potion of invisibility
 u - 4 potions of heal wounds
 z - a potion of ambrosia
 O - a potion of lignification {unknown}


   Skills:
 + Level 8.3 Fighting
 * Level 8.4 Short Blades
 - Level 9.7(11.9) Axes
 - Level 11.3(12.6) Maces & Flails
 + Level 9.5 Armour
 + Level 2.2 Dodging


You had 12 spell levels left.
You didn't know any spells.
Your spell library was empty.

Dungeon Overview and Level Annotations

Branches:
Dungeon (12/15)            Temple (0/1) D:4            Lair (5/6) D:8
 Shoals (0/4) Lair:3        Snake (0/4) Lair:4          Orc (2/2) D:10
  Slime: Lair:5-6       Elf: Orc:2

Altars:
Ashenzari
Cheibriados
Gozag
Hepliaklqana
Uskayaw
Wu Jian
Yredelemnul

Shops:
D:2 *![*   D:3 :   D:5 ?   D:6 ?   D:9 (   D:11 :

Annotations:
D:3 1 runed translucent door, Crazy Yiuf
D:6 1 runed translucent door, Deranged's ghost, novice MiFi


Innate Abilities, Weirdness & Mutations

You have a pair of large horns on your head.
You regenerate a little health from kills.
You are completely covered in razor-sharp scales. (AC +3, Slay +3)


Message History

You climb upwards.
There is a stone staircase leading down here.
Your skin crawls.
You feel strong-willed.
The black mamba bites you but does no damage.
The blink frog hits you! The six-headed hydra bites you!
* * * LOW HITPOINT WARNING * * *
The six-headed hydra bites you!
* * * LOW HITPOINT WARNING * * *
The six-headed hydra bites you but does no damage.
The six-headed hydra bites you.
* * * LOW HITPOINT WARNING * * *
The six-headed hydra bites you but does no damage. x2
The blink frog barely misses you.
The black mamba bites you but does no damage.
The blink frog hits you.
* * * LOW HITPOINT WARNING * * *
The blink frog blinks!
As you read the scroll of teleportation, it crumbles to dust.
You feel strangely unstable.
The black mamba bites you but does no damage.
The blink frog closely misses you. The six-headed hydra barely misses you.
The six-headed hydra bites you but does no damage. x2
The six-headed hydra bites you.
* * * LOW HITPOINT WARNING * * *
The six-headed hydra bites you but does no damage.
The six-headed hydra bites you!
* * * LOW HITPOINT WARNING * * *
The black mamba bites you.
* * * LOW HITPOINT WARNING * * *
The blink frog blinks!
Unknown command.
Unknown command.
Okay, then.
Unknown command.
The blink frog closely misses you. The six-headed hydra misses you.
The six-headed hydra completely misses you.
The six-headed hydra bites you but does no damage.
The six-headed hydra misses you. The six-headed hydra bites you!
You die...

..##......#.....##
.#.###'###...#...#
...##...##.###...#
####........##..##
##.#⌠.<.⌠..####.##
###......### ##..#
####..⌠.## #P.##
.....#### ##D##
##P#...#
###.S@####
#####.##
##...F.§P.## #
#...# #.........P#
####..#
##.....F#.##
#P##..##
###...##..#
..###..# ##.##P.P#
#####.## ####..##
.###P..# ##..#
..###..# #####.##


You could see a six-headed hydra, a black mamba and 2 blink frogs.

Vanquished Creatures
  Harold (D:7)
  Josephine (D:10)
  3 hydras
  2 catoblepae
  Erica (D:9)
  3 two-headed ogres
  A cyclops (D:9)
  4 elephants
  4 black mambas
  Joseph (D:7)
  4 cane toads
  Maggie (D:7)
  3 unseen horrors (D:11)
  A komodo dragon (D:8)
  3 trolls
  3 polar bears
  Prince Ribbit (D:6)
  A hornet (Lair:2)
  5 blink frogs (Lair:4)
  Grinder (D:3)
  2 shadows (D:10)
  A vampire (D:11)
  5 wraiths (D:10)
  16 yaks
  6 wyverns
  2 basilisks
  A steam dragon (D:10)
  Menkaure (D:7)
  Edmund (D:6)
  An acid dragon (D:11)
  13 water moccasins
  A swamp drake (D:8)
  8 orc warriors
  3 ice beasts
  2 necrophages
  5 wolves (Lair:2)
  2 ogres
  A centaur (D:8)
  2 kobold brigands
  9 bullfrogs
  2 scorpions (D:5)
  A water moccasin zombie (D:4)
  16 killer bees
  3 wights (D:9)
  An electric eel (Lair:3)
  4 jellies
  8 orc priests
  3 centaur zombies
  A gnoll shaman (D:7)
  3 hounds (D:5)
  A bullfrog skeleton (D:5)
  Jessica (D:3)
  3 iguanas
  6 orc wizards
  5 hell rats (Lair:3)
  5 gnolls
  2 adders (D:5)
  3 white imps
  An adder skeleton (D:5)
  2 worms (D:4)
  44 orcs
  7 endoplasms
  6 giant cockroaches
  3 goblins
  5 hobgoblins
  3 jackals (D:2)
  3 quokkas
  6 ball pythons
  4 bats
  A frilled lizard (D:1)
  16 kobolds
  5 rats
  A spectral orc (D:6)
301 creatures vanquished.

Vanquished Creatures (others)
  12 fungi
  9 plants
  2 withered plants (D:6)
23 creatures vanquished.

Grand Total: 324 creatures vanquished

Notes
Turn   | Place    | Note
-------+----------+-------------------------------------------
     0 | D:1      | TheLostOne the Demonspawn Berserker began the quest for the
                  | Orb.
     0 | D:1      | Reached XP level 1. HP: 18/18 MP: 1/1
   143 | D:1      | Gained mutation: You are partially covered in razor-sharp
                  | scales. (AC +1, Slay +1) [demonic ancestry]
   143 | D:1      | Reached XP level 2. HP: 13/24 MP: 2/2
   737 | D:1      | Reached ** piety under Trog
   862 | D:1      | Gained mutation: You are mostly covered in razor-sharp
                  | scales. (AC +2, Slay +2) [demonic ancestry]
   862 | D:1      | Reached XP level 3. HP: 29/29 MP: 3/3
  1127 | D:2      | Found Junim's General Store.
  1236 | D:2      | Found Orudd's Antique Armour Shoppe.
  1263 | D:2      | Found Doenk's Distillery.
  1326 | D:2      | Found Jeomept's Assorted Antiques.
  1558 | D:2      | Found a hazy altar of Hepliaklqana.
  1847 | D:3      | Found a runed translucent door.
  1848 | D:3      | Noticed Crazy Yiuf
  1944 | D:3      | Noticed Jessica
  1949 | D:3      | Killed Jessica
  1950 | D:3      | Gained mutation: You regenerate a little health from kills.
                  | [demonic ancestry]
  1950 | D:3      | Reached XP level 4. HP: 19/35 MP: 4/4
  2117 | D:3      | Found Joebes's Book Shoppe.
  2225 | D:3      | Noticed Grinder
  2235 | D:3      | Killed Grinder
  2236 | D:3      | Gained mutation: You have a pair of small horns on your
                  | head. [demonic ancestry]
  2236 | D:3      | Reached XP level 5. HP: 41/41 MP: 5/5
  2236 | D:3      | Reached XP level 6. HP: 47/47 MP: 6/6
  2289 | D:3      | Found a faded altar of an unknown god.
  3018 | D:4      | Found a staircase to the Ecumenical Temple.
  3268 | D:4      | Identified the +4 helmet of the Shining One's Whim {rF+
                  | Slay+3}
  3484 | D:5      | Entered Level 5 of the Dungeon
  3484 | D:5      | Noticed a water moccasin
  3494 | D:4      | Killed a water moccasin
  3495 | D:4      | Gained mutation: You have a pair of horns on your head.
                  | [demonic ancestry]
  3495 | D:4      | Reached XP level 7. HP: 52/52 MP: 7/7
  4669 | D:6      | Noticed Prince Ribbit
  4761 | D:5      | Reached XP level 8. HP: 48/58 MP: 8/8
  5178 | D:5      | Reached *** piety under Trog
  5499 | D:5      | Found Voasyoso's Magic Scroll Emporium.
  5700 | D:6      | Noticed Edmund
  5706 | D:6      | Killed Edmund
  6156 | D:6      | Reached skill level 1 in Maces & Flails
  6268 | D:6      | Found a runed translucent door.
  6269 | D:6      | Noticed Deranged's ghost (novice MiFi)
  6486 | D:6      | Reached skill level 2 in Maces & Flails
  6499 | D:6      | Found a basalt altar of Yredelemnul.
  6710 | D:6      | Found Haoceesa's Magic Scroll Shop.
  6776 | D:6      | Killed Prince Ribbit
  6777 | D:6      | Reached skill level 3 in Maces & Flails
  6777 | D:6      | Gained mutation: You are completely covered in razor-sharp
                  | scales. (AC +3, Slay +3) [demonic ancestry]
  6777 | D:6      | Reached XP level 9. HP: 65/65 MP: 9/9
  7278 | D:7      | Found an opulent altar of Gozag.
  7319 | D:8      | Found a hide-covered altar of Uskayaw.
  7431 | D:7      | Noticed a two-headed ogre
  7817 | D:7      | Reached **** piety under Trog
  7822 | D:7      | Reached skill level 4 in Maces & Flails
  7924 | D:7      | Noticed Maggie
  7944 | D:7      | Killed Maggie
  7945 | D:7      | Reached skill level 5 in Maces & Flails
  8131 | D:7      | Noticed Harold
  8145 | D:7      | Killed Harold
  8146 | D:7      | Reached skill level 6 in Maces & Flails
  8273 | D:7      | Noticed Joseph
  8412 | D:8      | Found an ornate altar of the Wu Jian Council.
  8413 | D:8      | Found a broken altar of Ashenzari.
  8416 | D:8      | Reached skill level 7 in Maces & Flails
  9062 | D:7      | Killed Joseph
  9063 | D:7      | Reached XP level 10. HP: 56/73 MP: 10/10
  9110 | D:7      | Killed a two-headed ogre
  9111 | D:7      | Reached skill level 5 in Fighting
  9111 | D:7      | Reached skill level 8 in Maces & Flails
  9497 | D:7      | Reached skill level 5 in Armour
  9586 | D:7      | Noticed Menkaure
  9590 | D:7      | Killed Menkaure
 10259 | D:9      | Found Meviu's Antique Weapon Shop.
 11069 | D:8      | Reached skill level 9 in Maces & Flails
 11069 | D:8      | Found a staircase to the Lair.
 11269 | D:9      | Noticed Erica
 11281 | D:9      | Killed Erica
 11359 | D:10     | Entered Level 10 of the Dungeon
 11850 | D:9      | Noticed a cyclops
 11850 | D:9      | Noticed a two-headed ogre
 11856 | D:9      | Killed a two-headed ogre
 11857 | D:9      | Reached XP level 11. HP: 40/81 MP: 11/11
 11866 | D:9      | Reached skill level 10 in Maces & Flails
 12045 | D:9      | Found a snail-covered altar of Cheibriados.
 12060 | D:9      | Identified the +8 hunting sling of Yxyh {vorpal, *Slow rC++
                  | Will+ Str+3}
 12115 | D:10     | Noticed Josephine
 12123 | D:10     | Killed Josephine
 12253 | D:10     | Found a staircase to the Orcish Mines.
 13263 | Lair:1   | Entered Level 1 of the Lair of Beasts
 13397 | Lair:1   | Reached skill level 11 in Maces & Flails
 13821 | Lair:1   | Noticed a catoblepas
 14011 | Orc:1    | Entered Level 1 of the Orcish Mines
 14147 | Orc:2    | Entered Level 2 of the Orcish Mines
 14423 | Orc:2    | Noticed an orc sorcerer
 14623 | D:11     | Identified the +12 rapier of the Vaults {vorpal, Fragile
                  | +Blink Stlth+}
 14976 | D:11     | Noticed a two-headed ogre
 14982 | D:11     | Killed a two-headed ogre
 14983 | D:11     | Reached skill level 1 in Short Blades
 15838 | D:11     | Found Bet Ysmodeg's Book Emporium.
 16816 | Orc:2    | Noticed an orc high priest
 17184 | Lair:1   | Reached XP level 12. HP: 84/85 MP: 12/12
 18824 | Lair:2   | Noticed a seven-headed hydra
 18832 | Lair:2   | Killed a seven-headed hydra
 18833 | Lair:2   | Reached skill level 5 in Short Blades
 20347 | Lair:3   | Noticed a seven-headed hydra
 20355 | Lair:3   | Killed a seven-headed hydra
 20845 | Lair:4   | Noticed a catoblepas
 20859 | Lair:3   | Killed a catoblepas
 21101 | Lair:3   | Found a staircase to the Shoals.
 21476 | Lair:1   | Killed a catoblepas
 21817 | Lair:4   | Noticed a seven-headed hydra
 21834 | Lair:4   | Killed a seven-headed hydra
 22364 | Lair:4   | Found a staircase to the Snake Pit.
 22473 | Lair:4   | Gained mutation: You have a pair of large horns on your
                  | head. [demonic ancestry]
 22473 | Lair:4   | Reached XP level 13. HP: 98/98 MP: 13/13
 22912 | Lair:4   | HP: 4/99 [black mamba (2)]
 22913 | Lair:4   | Slain by a six-headed hydra

Illustrated notes

Levels and vault maps discovered:
D:1:      psy_arrival_spokes, layout_loops_ring, minmay_pentomino_v2
D:2:      layout_rooms, basic_altar, serial_shops,
          nicolae_shop_competitors_out_of_business, shop_coins, shop_fountains,
          nicolae_shop_behind_doors, minmay_misc_feat_enclosed
D:3:      layout_basic, serial_shops, nicolae_shop_statue_plus,
          shapermc_ecumenical_altar_venn, uniq_jessica, uniq_grinder,
          uniq_crazy_yiuf_cottage
D:4:      layout_loops_cross, minmay_temple_entry_junction,
          hangedman_decor_growths, kennysheep_generic_room_13
D:5:      layout_basic, serial_shops, nicolae_shop_behind_doors,
          enter_ossuary_2, kennysheep_generic_room_2
D:6:      layout_basic, yredelemnul_forgotten_temple_becter, serial_shops,
          nicolae_shop_crystal, gammafunk_ghost_grave, uniq_edmund,
          uniq_prince_ribbit1
D:7:      layout_layer_cave, grunt_gozag_breadcrumbs, nrook_mini_vaults,
          lightli_orcish_oven, uniq_menkaure, uniq_harold, uniq_maggie,
          uniq_joseph
D:8:      layout_loops_ring, grunt_temple_overflow_open, erik_lair_dragon
D:9:      layout_roguey, mainiacjoe_overflow_alcove_4, serial_shops, shop,
          uniq_erica
D:10:     layout_roguey, orc_0_dummy, uniq_josephine
D:11:     layout_irregular_city, serial_shops, shop
D:12:     minmay_the_grid_square_5x5_3x3 [minmay_the_grid_square_5x5_comb,
          minmay_the_grid_square_5x5_hourglass,
          minmay_the_grid_square_5x5_intrusive_squares,
          minmay_the_grid_square_5x5_eight,
          minmay_the_grid_square_5x5_megaprize_hollow,
          minmay_the_grid_square_5x5_beaten_path,
          minmay_the_grid_square_5x5_inverted_slash,
          minmay_the_grid_square_5x5_sharp_hourglass,
          minmay_the_grid_square_5x5_checkered_sparse], layout_cave_pools,
          serial_glass, glass_columns_a, glass_columns_c,
          minmay_strange_pillars, due_unseen_surprise,
          portal_ice_cave_entry_imps, serial_shops, nicolae_inconvenience_store,
          uniq_erolcha, uniq_snorg
Lair:1:   layout_hall_layers
Lair:2:   layout_regular_city, serial_bayou_shore_b
Lair:3:   layout_loops_ring, elwin_shoals_entry_rooms, infiniplex_staircase_pool
Lair:4:   layout_loops_ring, dummy_snake_entry, grunt_megastairs_3
Lair:5:   layout_gridlike, minmay_slime_entry_oklob_enclosed,
          infiniplex_staircase_pool_2, lemuel_fruit_fields
Orc:1:    emtedronai_trogs_sanctum, layout_caves
Orc:2:    st_orc_mages, layout_caves, gammafunk_ghost_smash

Skill      XL: |  1  2  3  4  5  6  7  8  9 10 11 12 |
---------------+-------------------------------------+-----
Axes           | 3 4 6 7 8 9 |  9.7
Armour         | 2 3 4 6 8 9 |  9.5
Maces & Flails | 3 7 9 11 | 11.3
Dodging        | 2 |  2.2
Fighting       | 4 5 7 8 |  8.3
Short Blades   | 3 8 |  8.4

Action                   |  1- 3 |  4- 6 |  7- 9 | 10-12 | 13-15 || total
-------------------------+-------+-------+-------+-------+-------++-------
Melee: Hand axe          |   138 |    54 |    30 |       |       ||   222
       Headbutt          |       |     6 |    43 |   114 |     5 ||   168
       War axe           |       |       |    62 |       |       ||    62
       Flail             |       |       |   138 |   228 |       ||   366
       Rapier            |       |       |       |   286 |    19 ||   305
Invok: Berserk           |       |     3 |     7 |    10 |       ||    20
       Trog's Hand       |       |     1 |     2 |     4 |     1 ||     8
Evoke: Wand              |       |       |       |     1 |       ||     1
  Use: Scroll            |       |       |    18 |     5 |     1 ||    24
 Stab: Confused          |       |       |       |     1 |       ||     1
Armor: Chain mail        |    78 |    15 |    51 |       |       ||   144
       Plate armour      |       |       |    81 |   431 |    30 ||   542
Dodge: Dodged            |    75 |    17 |   134 |   285 |    25 ||   536
